 Dungeon Crawl Stone Soup version 0.17-a0-1923-gc35365e (webtiles) character file.

345 graki42 the Conjurer (level 6, -9/33 HPs)
             Began as a Deep Elf Conjurer on Sept 28, 2015.
             Killed by divine providence
             ... invoked by an orc priest
              (15 damage)
             ... on level 4 of the Dungeon.
             The game lasted 00:11:00 (2476 turns).

graki42 the Conjurer (Deep Elf Conjurer)            Turns: 2476, Time: 00:11:00

Health: -9/33      AC:  8    Str:  7    XL:     6   Next: 32%
Magic:  1/16       EV: 13    Int: 20    God:
Gold:   69         SH:  0    Dex: 15    Spells: 2 memorised, 13 levels left

rFire  . . .     SeeInvis .     q - +0 dagger (protect)
rCold  . . .     Clarity  .     k - +1 robe {MR+}
rNeg   . . .     SustAt   .     (no shield)
rPois  .         Gourm    .     (no helmet)
rElec  .         Spirit   .     (no cloak)
rCorr  .         Warding  .     (no gloves)
rMut   .         Stasis   .     (no boots)
MR     +....                    (no amulet)
Stlth  ++........               (no ring)
                                (no ring)

@: somewhat resistant to hostile enchantments, unstealthy
A: no striking features
a: no special abilities


You were on level 4 of the Dungeon.
You were not hungry.

You visited 1 branch of the dungeon, and saw 4 of its levels.

You collected 69 gold pieces.

Inventory:

Hand weapons
 e - a +1 short sword of venom
 q - a +0 dagger of protection (weapon)
Armour
 k - a +1 robe of magic resistance (worn)
Magical devices
 m - a wand of magic darts (31)
 n - a wand of polymorph (12)
Scrolls
 a - 3 scrolls of amnesia {unknown}
 d - 3 scrolls of teleportation {unknown}
 f - a scroll of remove curse {unknown}
 i - a scroll of noise {unknown}
 j - 2 scrolls of identify {unknown}
 o - a scroll of recharging {unknown}
Potions
 g - 2 potions of curing {unknown}
 h - 2 potions of haste {unknown}
 l - a potion of invisibility {unknown}
Books
 b - a book of Conjurations

   Spells                             Type                      Level
   a - Magic Dart                     Conjuration                  1
   b - Searing Ray                    Conjuration                  2
   c - Dazzling Spray                 Conjuration/Hexes            3
   d - Fulminant Prism                Conjuration/Hexes            4
   e - Iskenderun's Mystic Blast      Conjuration                  4
   f - Iskenderun's Battlesphere      Conjuration/Charms           5
Comestibles
 c - 5 bread rations
 p - 2 chunks of flesh


   Skills:
 + Level 0.8 Fighting
 + Level 0.2 Short Blades
 + Level 2.5 Dodging
 + Level 3.0 Stealth
 * Level 5.6 Spellcasting
 * Level 6.9 Conjurations


You had 13 spell levels left.
You knew the following spells:

 Your Spells              Type           Power        Failure   Level  Hunger
a - Magic Dart            Conj           ####         1%          1    None
b - Searing Ray           Conj           ####..       1%          2    None


Dungeon Overview and Level Annotations

Branches:
Dungeon (4/15)
 Temple: D:4-7

Altars:
Elyvilon
Gozag
Makhleb

Shops:
D:3 *

Annotations:
D:3 Sigmund


Message History

Aiming: Magic Dart
Press: ? - help, Shift-Dir - straight line The magic dart hits something.
The orc priest shouts!
Something hits you but does no damage.
You closely miss something. Something completely misses you.
You hit something but do no damage.
You hear some strange, mumbled words.
A puff of flame appears from out of thin air!
The puff of flame hits you!
The orc priest calls down the wrath of Beogh upon you.
Something smites you!
* * * LOW HITPOINT WARNING * * *
You hit something. Something hits you but does no damage.
You hit something.
Reactivating autopickup.
You feel a bit more experienced. The orc barely misses you.
The orc priest calls down the wrath of Beogh upon you.
Something smites you!
You die...

#.........[...........
#................?....
#.....................
#.....................
#..............!......
#................o....
#.......o)o)..........
#...................)?
#.....@o............o.
#...................
#..................
##................
#................
#...............
##..............
#.............#
##...........##


You could see 2 orc priests and an orc.

Vanquished Creatures
  An ogre (D:4)
  A centaur zombie (D:4)
  An orc priest (D:4)
  A hound (D:3)
  2 orc wizards (D:4)
  5 adders
  An ooze (D:4)
  3 worms
  A giant gecko (D:2)
  6 orcs
  A ball python (D:2)
  2 giant cockroaches
  4 hobgoblins
  7 kobolds
  2 bats
  3 giant newts
  5 goblins
  A quokka (D:3)
  7 rats
54 creatures vanquished.

Notes
Turn   | Place    | Note
--------------------------------------------------------------
     0 | D:1      | graki42 the Deep Elf Conjurer began the quest for the Orb.
     0 | D:1      | Reached XP level 1. HP: 10/10 MP: 6/6
   446 | D:1      | Reached XP level 2. HP: 12/15 MP: 1/8
   792 | D:2      | Learned a level 2 spell: Searing Ray
   923 | D:2      | Reached skill level 5 in Conjurations
  1256 | D:2      | Reached XP level 3. HP: 19/19 MP: 4/9
  1788 | D:3      | Reached XP level 4. HP: 22/24 MP: 6/11
  1832 | D:3      | Reached skill level 6 in Conjurations
  1846 | D:3      | Found a burning altar of Makhleb.
  1933 | D:3      | Found a white marble altar of Elyvilon.
  2148 | D:3      | Found an opulent altar of Gozag.
  2149 | D:3      | Found Gozag's Platinum Reserve.
  2247 | D:3      | Noticed Sigmund
  2294 | D:4      | Noticed an ogre
  2300 | D:4      | Killed an ogre
  2300 | D:4      | Reached XP level 5. HP: 28/28 MP: 8/14
  2387 | D:4      | Reached skill level 5 in Spellcasting
  2394 | D:4      | Reached XP level 6. HP: 27/33 MP: 3/15
  2476 | D:4      | Killed from afar by an orc priest

Vault maps used:
D:1:      elethiomel_arrival_maze
D:3:      makhleb_blood_cavern_becter, lemuel_coloured_pillars_altar,
          first_bread, nicolae_gozag_zags_fifth_avenue, uniq_sigmund,
          uniq_grinder
D:4:      gammafunk_temple_overflow_wave

Action                   |  1- 3 |  4- 6 || total
-------------------------+-------+-------++-------
Melee: Short sword       |     5 |     2 ||     7
       Dagger            |       |     4 ||     4
 Cast: Magic Dart        |    60 |    40 ||   100
       Searing Ray       |     4 |     5 ||     9
Evoke: Wand              |     1 |       ||     1
 Stab: Sleeping          |     1 |       ||     1
  Eat: Chunk             |     2 |     3 ||     5
